 Dungeon Crawl Stone Soup version 0.30-a0-937-ga0a21ad780 (webtiles) character file.

Game seed: 12873141238191745849

13 Darius099 the Shooter (level 2, -5/23 HPs)
             Began as a Barachi Hunter on Mar 24, 2023.
             Slain by a gnoll
             ... wielding a +0 whip
              (8 damage)
             ... on level 2 of the Dungeon.
             The game lasted 00:00:48 (818 turns).

Darius099 the Shooter (Barachi Hunter)               Turns: 818, Time: 00:00:49

Health: -5/23      AC:  3    Str: 12    XL:     2   Next: 37%
Magic:  2/2        EV: 12    Int:  9    God:
Gold:   44         SH:  0    Dex: 15    Spells: 1/1 levels left

rFire   . . .      SeeInvis .    a - +0 shortbow
rCold   . . .      Faith    .    (shield currently unavailable)
rNeg    . . .      Spirit   .    c - +0 leather armour
rPois   .          Reflect  .    (no helmet)
rElec   .          Rampage  .    (no cloak)
rCorr   .                        (no gloves)
Will    .....                    (no boots)
Stlth   +                        (no amulet)
HPRegen 0.23/turn                (no ring)
MPRegen 0.08/turn                (no ring)

@: slow
A: amphibious, slowness 1, strong legs 1, +LOS
a: Hop


You were on level 2 of the Dungeon.
You visited 1 branch of the dungeon, and saw 2 of its levels.

You collected 44 gold pieces.

Inventory:

Hand Weapons
 a - a +0 shortbow (weapon)
Armour
 c - a +0 leather armour (worn)
Scrolls
 b - a scroll of immolation
 e - 2 scrolls of magic mapping {unknown}
Potions
 d - 2 potions of curing {unknown}


   Skills:
 - Level 2.4 Fighting
 + Level 4.6 Ranged Weapons
 - Level 2.1 Dodging
 - Level 0.8 Stealth


You had one spell level left.
You didn't know any spells.
Your spell library contained the following spells:

 Spells                   Type           Power      Damage    Failure   Level
 Apportation              Tloc           0%         N/A       45%         1
 Ensorcelled Hibernation  Hex/Ice        0%         N/A       61%         2
 Passwall                 Tmut/Erth      0%         N/A       61%         2
 Swiftness                Air            0%         N/A       83%         3
 Alistair's Intoxication  Tmut/Pois      0%         N/A       100%        5
 Malign Gateway           Summ/Tloc      0%         N/A       100%        7
 Summon Horrible Things   Summ           0%         N/A       100%        8


Dungeon Overview and Level Annotations

Branches:
Dungeon (2/15)

Altars:
Uskayaw

Shops:
D:1 [


Innate Abilities, Weirdness & Mutations

You are amphibious.
You cover ground slowly.
You can hop short distances.
You have an extended range of vision and can be seen from far away.


Message History

You enter the shallow water.
Found a hide-covered altar of Uskayaw.
No target in view!
Found an escape hatch in the floor.
No target in view!
Key pressed, stopping explore.
No target in view!
Key pressed, stopping explore.
No target in view!
Key pressed, stopping explore.
No target in view!
Done exploring.
No target in view!
No target in view!
Done exploring.
No target in view!
Done exploring.
No target in view!
No target in view!
No target in view!
There is a stone staircase leading down here.
You climb downwards.
The gnoll shouts!
The adder hisses angrily.
The hobgoblin shouts!
Found 9 gold pieces.
There is a stone staircase leading up here.
You shoot an arrow. The gnoll shouts!
The arrow hits the gnoll.
The gnoll is moderately wounded.
A rat comes into view.
You shoot an arrow. The arrow hits the gnoll.
The gnoll is almost dead.
You shoot an arrow. The arrow barely misses the gnoll.
An adder comes into view.
The adder bites you but does no damage. The gnoll hits you with a +0 flail!
The adder moves out of view.
The adder barely misses you. The gnoll hits you with a +0 flail!
Ouch! That really hurt!
* * * LOW HITPOINT WARNING * * *
The gnoll hits you with a +0 whip!
You die...

.. ..# ..## ...#
#.. #.. #.
..####.######$...
..............###
#...@S.......
#...gg.....##
#......gr....
#......g.....
#...........b
#...........#
#..........#.
...........#
#......####.#


You could see 3 gnolls, an adder, a hobgoblin, a bat (wandering) and a rat.

Vanquished Creatures
  An endoplasm (D:1)
  A goblin (D:1)
  2 hobgoblins (D:1)
  2 jackals (D:1)
  A quokka (D:1)
  A ball python (D:1)
  2 bats (D:1)
  A kobold (D:1)
  A rat (D:1)
12 creatures vanquished.

Notes
Turn   | Place    | Note
-------+----------+-------------------------------------------
     0 | D:1      | Darius099 the Barachi Hunter began the quest for the Orb.
     0 | D:1      | Reached XP level 1. HP: 17/17 MP: 1/1
   129 | D:1      | Reached XP level 2. HP: 19/23 MP: 2/2
   188 | D:1      | Found Acuash's Armour Emporium.
   641 | D:1      | Found a hide-covered altar of Uskayaw.
   818 | D:2      | Slain by a gnoll

Illustrated notes

Levels and vault maps discovered:
D:1:      dpeg_arrival_water_altar, layout_basic, serial_shops,
          nicolae_shop_trees
D:2:      layout_rooms

Action                     || total
---------------------------++-------
   Fire: Shortbow          ||    37
 Armour: Leather armour    ||     3
  Dodge: Dodged            ||    11

Table legend: (Time is in decaauts)
 A = Elapsed time spent in this place.
 B = Non-inter-level travel time spent in this place.
 C = Inter-level travel time spent in this place.
 D = Time resting spent in this place.
 E = Time spent auto-exploring this place.
 F = Levels seen in this place.
 G = Mean time per level.
                   A        B        C        D        E       F      G
               +--------+--------+--------+--------+--------+-----+--------+
         Total |    977 |    945 |     32 |      0 |    867 |   2 |  488.5 |
       Dungeon |    977 |    945 |     32 |      0 |    867 |   2 |  488.5 |
               +--------+--------+--------+--------+--------+-----+--------+

Top non-repeatable levels by time:
     D:1: 972 daAuts
     D:2: 4 daAuts
